 Dungeon Crawl Stone Soup version 0.28-a0-410-gbef64dd269 (webtiles) character file.

Game seed: 3863111972599749330

24 siradein the Magician (level 3, 0/21 HPs)
             Began as an Octopode Hedge Wizard on Sept 7, 2021.
             Slain by an adder (4 damage)
             ... on level 1 of the Dungeon.
             The game lasted 00:02:52 (1444 turns).

siradein the Magician (Octopode Hedge Wizard)       Turns: 1444, Time: 00:02:52

Health: 0/21       AC:  1    Str:  9    XL:     3   Next: 2%
Magic:  2/7        EV: 13    Int: 17    God:
Gold:   43         SH:  0    Dex: 11    Spells: 1/8 levels left

rFire   . . .      SeeInvis .   a - +0 dagger
rCold   . . .      Faith    .   (no shield)
rNeg    . . .      Spirit   .   b - +0 hat
rPois   .          Reflect  .   (no amulet)
rElec   .          Harm     .   d - ring of flight
rCorr   .          Rampage  .   (no ring)
Will    .....                   (no ring)
Stlth   +++.......              (no ring)
HPRegen 0.07/turn               (no ring)
MPRegen 0.10/turn               (no ring)
                                (no ring)
                                (no ring)

@: lethally poisoned (0 -> -4), flying
A: almost no armour, amphibious, 8 rings, camouflage 1, gelatinous body 1,
(nimble swimmer 1), tentacles
a: no special abilities


You were on level 1 of the Dungeon.
You visited 1 branch of the dungeon, and saw 2 of its levels.

You collected 43 gold pieces.

Inventory:

Hand Weapons
 a - a +0 dagger (weapon)
Missiles
 j - 30 poisoned darts
Armour
 b - a +0 hat (worn)
Jewellery
 d - a ring of flight (left tentacle)
Scrolls
 c - a scroll of magic mapping {unknown}
 e - a scroll of teleportation {unknown}
 h - a scroll of identify {unknown}
Potions
 f - a potion of brilliance {unknown}
 g - a potion of cancellation {unknown}
 i - a potion of degeneration {unknown}


   Skills:
 - Level 2.0 Dodging
 - Level 2.6 Stealth
 + Level 3.2 Spellcasting
 + Level 1.5 Conjurations
 + Level 1.5 Summonings
 + Level 1.5 Translocations


You had one spell level left.
You knew the following spells:

 Your Spells              Type           Power      Damage    Failure   Level
a - Magic Dart            Conj           32%        1d4       9%          1
b - Call Imp              Summ           8%         N/A       14%         2
c - Blink                 Tloc           N/A        N/A       14%         2
d - Slow                  Hex            2%         N/A       26%         2

Your spell library contained the following spells:

 Spells                   Type           Power      Damage    Failure   Level
 Conjure Flame            Conj/Fire      5%         6-21      36%         3
 Mephitic Cloud           Conj/Pois/Air  4%         N/A       38%         3


Dungeon Overview and Level Annotations

Branches:
Dungeon (2/15)

Altars:


Innate Abilities, Weirdness & Mutations

You cannot wear most types of armour.
You are amphibious.
You can wear up to eight rings at the same time.
Your skin changes colour to match your surroundings (Stealth+).
Your rubbery body absorbs attacks. (AC +1, EV +1)
((You are camouflaged near water. (Stealth+)))
You have tentacles for arms and can constrict up to eight enemies at once.


Message History

You fly upwards.
There is a stone staircase leading down here.
The adder misses you. The adder closely misses you.
Casting: Call Imp (safe; 14% risk of failure)
Confirm with . or Enter, or press ? or * to list all spells.
A metallic apparition takes form in the air.
The adder barely misses you. The ball python misses you.
The ball python grabs you. The ball python constricts you.
You hit the ball python but do no damage.
Your grab misses the ball python. The ball python loses its grip on you.
Your iron imp barely misses the ball python.
You closely miss the adder. Your grab misses the adder. The adder bites you.
Your iron imp barely misses the ball python.
Aiming: Magic Dart (safe; 9% risk of failure)
Press: ? - help, Q - select action, (/) - cycle Shift-Dir - straight line, f - adder
Aim: an adder (100% to hit)
The magic dart hits the adder.
The adder is moderately wounded.
The adder closely misses you. The adder bites you but does no damage.
Your iron imp hits the ball python.
Aiming: Magic Dart (safe; 9% risk of failure)
Press: ? - help, Q - select action, (/) - cycle Shift-Dir - straight line, f/p - adder
Aim: an adder (moderately wounded, 100% to hit)
The magic dart hits the adder.
The adder is moderately wounded.
The adder bites you.
* * * LOW HITPOINT WARNING * * *
You are lethally poisoned!
The adder poisons you!
Unknown command.
Aiming: Magic Dart (safe; 9% risk of failure)
Press: ? - help, Q - select action, (/) - cycle Shift-Dir - straight line, f/p - adder
Aim: an adder (moderately wounded, 100% to hit)
The magic dart hits the adder.
The adder is heavily wounded.
* * * LOW HITPOINT WARNING * * *
You feel sick. The adder bites you.
You die...

+#.......##.#.#.#.#.#######......
.[.......###.#.<.#.###...........
.....###.##.#.#.#.#.##.###.....#.
...).....#.###.#.###.#.# #.....#.
.....###..## ##.## ##..# #.#'###.
........>..###.#.###...# #.#.# #.
......#.##..#.###.#..#####+#.###.
###.###...#..#####..## #......#.
#....####....5SS@...#####......#.
#.#.## ###...###..............#.
#.#.########### ##.............#.
...........# #.............#.
...........# #.......#.#'####
...........# #.......#.#.#
.......##### #.......#.#.#
.......# #.......#.#.# .......#
#.......#.#.####


You could see an adder, a ball python (ally target) and a friendly iron imp
(summoned).

Vanquished Creatures
  2 dart slugs (D:1)
  A ball python (D:1)
  An endoplasm (D:1)
  2 goblins (D:1)
  A hobgoblin (D:1)
  5 kobolds (D:1)
  3 quokkas (D:1)
  A frilled lizard (D:1)
  A rat (D:1)
17 creatures vanquished.

Vanquished Creatures (collateral kills)
  An endoplasm (D:1)
1 creature vanquished.

Grand Total: 18 creatures vanquished

Notes
Turn   | Place    | Note
-------+----------+-------------------------------------------
     0 | D:1      | siradein the Octopode Hedge Wizard began the quest for the
                  | Orb.
     0 | D:1      | Reached XP level 1. HP: 11/11 MP: 4/4
   233 | D:1      | Reached XP level 2. HP: 17/17 MP: 1/6
   459 | D:1      | Learned a level 2 spell: Call Imp
   462 | D:1      | Learned a level 2 spell: Blink
   465 | D:1      | Learned a level 2 spell: Slow
   890 | D:1      | Found a faded altar of an unknown god.
  1270 | D:1      | Reached XP level 3. HP: 10/21 MP: 4/7
  1444 | D:1      | Slain by an adder

Illustrated notes

Levels and vault maps discovered:
D:1:      minmay_arrival_diagonal_passages, layout_basic,
          ebering_ecumenical_altar_sacrificial, minmay_misc_feat_x
D:2:      layout_basic, minmay_strange_pillars, feat_on_display, uniq_jessica

Action                   || total
-------------------------++-------
Melee: Dagger            ||     4
 Cast: Magic Dart        ||    50
       Call Imp          ||     2
Armor: Skin              ||     1
Dodge: Dodged            ||    16

Table legend: (Time is in decaauts)
 A = Elapsed time spent in this place.
 B = Non-inter-level travel time spent in this place.
 C = Inter-level travel time spent in this place.
 D = Time resting spent in this place.
 E = Time spent auto-exploring this place.
 F = Levels seen in this place.
 G = Mean time per level.
                   A        B        C        D        E       F      G
               +--------+--------+--------+--------+--------+-----+--------+
         Total |   1444 |   1440 |      4 |    164 |   1097 |   2 |  722.0 |
       Dungeon |   1444 |   1440 |      4 |    164 |   1097 |   2 |  722.0 |
               +--------+--------+--------+--------+--------+-----+--------+

Top non-repeatable levels by time:
     D:1: 1438 daAuts
     D:2: 6 daAuts
